Map: Alcyone LE

Players

iceau

  • Race: Protoss Protoss
  • League: Master
  • Spawn Location: 1:00

Huntedswarm - Winner!

  • Race: Zerg Zerg
  • League: Diamond
  • Spawn Location: 7:00

VOD

Have the link to the VOD?

Description

Time

  • Played on: Nov. 9, 2024, 7:58 p.m.
  • Length: 4:32
Show
View Real Time Build Order
Export as new Build Order

iceau Protoss 

Build Orders: 1 Gate Expand 

Get SALT Encoding   

  12  0:00  Probe  
  13  0:12  Probe  
  14  0:20  Pylon  
  14  0:24  Probe  
  15  0:40  Gateway  
  15  0:41  Probe (Chrono Boost)  
  16  0:46  Assimilator  
  16  0:51  Probe (Chrono Boost)  
  17  1:04  Probe (Chrono Boost)  
  18  1:14  Probe (Chrono Boost)  
  19  1:19  Probe (Chrono Boost)  
  20  1:30  Cybernetics Core  
  20  1:31  Probe  
  21  1:44  Nexus  
  21  1:54  Probe  
  21  1:57  Pylon  
  22  2:05  Assimilator  
  22  2:06  Probe  
  23  2:15  Adept (Chrono Boost)  
  25  2:17  Warp Gate  
  25  2:31  Gateway, Probe  
  26  2:42  Pylon  
  26  2:44  Probe  
  27  2:46  Adept (Chrono Boost)  
  27  2:49  Shield Battery  
  19  3:13  Adept  
  19  3:16  Pylon  
  18  3:43  Shield Battery  
  18  3:59  Probe  
Show
View Real Time Build Order
Export as new Build Order

Huntedswarm Zerg - Winner!

Build Orders: 3 Hatch before Pool 

Get SALT Encoding   

  12  0:00  Drone  
  13  0:11  Drone  
  14  0:36  Hatchery  
  14  0:40  Drone  
  14  1:07  Hatchery  
  13  1:18  Spawning Pool  
  12  1:22  Drone  
  13  1:26  Drone  
  14  1:34  Overlord  
  14  2:04  Queen  
  14  2:05  Zergling x4  
  14  2:06  Queen  
  20  2:08  Zergling x2  
  20  2:12  Zergling x2  
  22  2:15  Zergling x2  
  22  2:20  Zergling x2  
  24  2:23  Zergling x2  
  25  2:40  Zergling x2  
  25  2:41  Zergling x8  
  29  2:52  Zergling x4  
  30  3:04  Zergling x6  
  31  3:23  Zergling x4  
  33  3:33  Queen  
  33  3:37  Zergling x4  
  33  3:49  Overlord x2  
  31  4:06  Zergling x8  
Tags
 
Add a new tag
Caveats
  • Supply blocks, unpowered buildings, or Contaminate may cause inaccurate times.
  • Supply counts are checked every 10 seconds.